Map: Lerilak Crest

Players

Orion

  • Race: Zerg Zerg
  • League: Master

FIGARO - Winner!

  • Race: Zerg Zerg
  • League: Grandmaster

VOD

Have the link to the VOD?

Description

Time

  • Played on: Dec. 1, 2015, 10:26 a.m.
  • Length: 3:36
Show
View Real Time Build Order
Export as new Build Order

Orion Zerg 

Build Orders: Hatch First 

Get SALT Encoding   

  12  0:01  Drone  
  13  0:12  Overlord  
  13  0:18  Drone  
  14  0:30  Drone x2  
  16  0:48  Hatchery  
  15  0:52  Drone  
  15  0:56  Drone  
  17  0:58  Drone  
  17  1:00  Extractor  
  17  1:15  Spawning Pool  
  17  1:17  Drone  
  17  1:23  Drone  
  18  1:27  Drone  
  19  1:41  Drone  
  20  1:51  Drone  
  21  2:00  Drone  
  22  2:01  Queen x2  
  22  2:02  Metabolic Boost  
  26  2:15  Overlord  
  26  2:20  Spine Crawler  
  18  2:40  Drone x3  
  17  2:52  Queen  
  19  3:03  Spine Crawler  
  18  3:15  Baneling Nest  
  17  3:21  Drone x2  
Show
View Real Time Build Order
Export as new Build Order

FIGARO Zerg - Winner!

Build Orders: Pool Only, Zergling Baneling 

Get SALT Encoding   

  12  0:01  Drone  
  13  0:14  Extractor  
  12  0:24  Spawning Pool  
  11  0:29  Drone  
  11  0:34  Drone  
  13  0:40  Drone  
  14  0:50  Overlord  
  14  1:13  Zergling x2  
  14  1:14  Zergling x4  
  14  1:17  Metabolic Boost  
  17  1:25  Zergling x2  
  18  1:36  Zergling x2  
  19  1:46  Zergling x2  
  20  1:47  Baneling Nest  
  19  1:57  Zergling x2  
  20  2:07  Overlord  
  20  2:21  Zergling x2  
  19  2:40  Zergling x4  
  19  2:42  Queen  
  21  2:52  Zergling x2  
  22  3:01  Baneling x4  
  22  3:02  Baneling x4  
  22  3:06  Zergling x2  
  23  3:13  Drone  
Tags
 
Add a new tag
Caveats
  • Supply blocks, unpowered buildings, or Contaminate may cause inaccurate times.
  • Supply counts are checked every 10 seconds.